Map: Dusk Towers

Players

uThermal

  • Race: Terran Terran
  • League: Grandmaster

Scarlett - Winner!

  • Race: Zerg Zerg

Event: NationWars III

VOD

Have the link to the VOD?

Description

Time

  • Played on: Dec. 10, 2015, 3:48 p.m.
  • Length: 17:44
Show
View Real Time Build Order
Export as new Build Order

uThermal Terran 

Build Orders: Bio Tank 

Get SALT Encoding   

  12  0:01  SCV  
  13  0:13  SCV  
  14  0:17  Supply Depot  
  14  0:25  SCV  
  15  0:39  SCV  
  15  0:40  Barracks  
  16  0:44  Refinery  
  16  0:51  SCV  
  17  1:03  SCV  
  18  1:15  SCV  
  19  1:27  Orbital Command  
  19  1:28  Barracks Reactor  
  19  1:39  Command Center  
  19  1:48  Supply Depot  
  19  1:53  SCV  
  20  2:05  SCV, Reaper  
  20  2:06  Reaper  
  23  2:17  SCV  
  24  2:26  Command Center  
  24  2:29  SCV  
  25  2:41  SCV  
  25  2:42  Factory  
  26  2:46  Refinery  
  26  2:52  Orbital Command  
  26  2:55  SCV  
  26  2:56  Marine  
  28  3:00  Marine  
  29  3:07  SCV  
  30  3:18  SCV  
  30  3:19  SCV  
  32  3:30  SCV  
  32  3:33  SCV  
  33  3:34  Hellion  
  33  3:35  Hellion, Starport  
  33  3:39  Orbital Command  
  37  3:42  Barracks Reactor  
  37  3:43  SCV  
  37  3:48  SCV, Refinery  
  39  3:56  Hellion x2  
  39  3:57  SCV  
  39  4:01  SCV  
  45  4:08  Liberator  
  45  4:09  SCV, Liberator, Orbital Command  
  46  4:13  SCV  
  47  4:17  Supply Depot  
  46  4:28  SCV x2  
  54  4:32  Factory Tech Lab  
  54  4:35  SCV, Refinery  
  54  4:37  Marine x2  
  57  4:40  SCV  
  57  4:43  SCV  
  59  4:47  SCV  
  59  4:51  Siege Tank  
  59  4:52  SCV  
  64  4:54  Supply Depot  
  64  4:55  SCV  
  64  4:59  SCV, Liberator  
  66  5:01  Liberator  
  66  5:02  Barracks Tech Lab  
  66  5:03  Barracks  
  66  5:04  SCV  
  68  5:07  SCV  
  68  5:08  Barracks  
  68  5:09  Engineering Bay  
  68  5:11  SCV  
  68  5:12  Engineering Bay  
  69  5:16  SCV  
  69  5:19  SCV  
  77  5:25  Supply Depot  
  77  5:30  SCV, Marine  
  77  5:35  Stimpack  
  77  5:39  SCV x2, Siege Tank  
  82  5:44  SCV  
  82  5:48  Marine  
  84  5:53  SCV x2  
  84  5:55  Barracks  
  84  5:56  Barracks  
  86  5:58  Marine x2  
  86  6:00  Terran Infantry Weapons Level 1, Terran Infantry Armor Level 1  
  86  6:01  SCV  
  86  6:02  Supply Depot x2  
  87  6:05  SCV  
  87  6:06  Marine  
  87  6:08  SCV  
  90  6:13  SCV  
  90  6:15  Marine  
  90  6:16  Siege Tank  
  90  6:18  SCV  
  92  6:20  SCV, Starport Reactor  
  92  6:21  Refinery  
  92  6:22  Factory, Refinery, Bunker  
  92  6:23  Supply Depot  
  93  6:25  SCV, Marine  
  93  6:26  Marine  
  93  6:30  Marine  
  93  6:31  Supply Depot, Marine  
  93  6:32  SCV  
  99  6:33  SCV  
  100  6:44  SCV x2  
  100  6:45  Barracks Reactor x2  
  100  6:46  Supply Depot, Marine x2  
  104  6:50  SCV, Marine  
  106  6:56  SCV x2  
  106  6:57  Armory, Medivac x2  
  111  7:02  SCV  
  111  7:08  Barracks  
  110  7:09  Factory Tech Lab, Barracks  
  110  7:12  Barracks, Marine x3  
  113  7:16  Marine x2  
  113  7:18  SCV x2  
  113  7:21  Siege Tank  
  120  7:25  Marine x2  
  120  7:27  Medivac  
  120  7:28  Medivac  
  120  7:29  Marine  
  124  7:30  Marine  
  124  7:35  Combat Shields  
  124  7:37  Supply Depot, Marine x2  
  125  7:38  Supply Depot, Siege Tank  
  125  7:39  Marine  
  131  7:45  Marine  
  131  7:46  Marine  
  131  7:52  Supply Depot  
  131  7:57  Terran Infantry Weapons Level 2, Medivac  
  136  7:58  Siege Tank  
  136  8:02  Supply Depot  
  136  8:03  Terran Infantry Armor Level 2  
  136  8:04  Supply Depot, Marine x3  
  139  8:05  Marine  
  139  8:06  Marine  
  139  8:07  Marine  
  139  8:08  Marine x2  
  144  8:14  Siege Tank  
  144  8:15  Medivac  
  144  8:19  Marine x2  
  146  8:24  Supply Depot  
  146  8:25  Marine  
  146  8:26  Supply Depot  
  148  8:29  Marine x2  
  148  8:30  Siege Tank  
  148  8:31  Marine  
  148  8:33  Marine  
  155  8:41  Marine x2  
  157  8:42  Marine  
  157  8:46  Siege Tank  
  157  8:47  Command Center, Marine  
  162  8:52  Marine  
  162  8:53  Marine  
  162  8:55  Barracks Reactor x3  
  164  8:56  Marine  
  164  8:58  Medivac  
  164  9:00  Medivac  
  164  9:02  Siege Tank  
  172  9:08  Marine x2  
  160  9:15  Marine x2  
  160  9:16  Marine  
  163  9:18  Siege Tank, Marine x2  
  168  9:24  Barracks Tech Lab x2  
  168  9:25  Marine x2  
  168  9:26  Ghost Academy, Marine x2  
  168  9:28  Medivac  
  172  9:33  Marine x2  
  172  9:34  Medivac, Siege Tank, Marine  
  172  9:36  Marine x3  
  183  9:40  Marine  
  183  9:42  Marine  
  184  9:48  Marine x3  
  187  9:58  Siege Tank, Medivac  
  192  10:00  Marine x3  
  192  10:03  Marine  
  192  10:04  Medivac  
  198  10:08  Marine x2  
  198  10:14  Marine x2  
  198  10:16  Marine  
  198  10:18  Siege Tank, Marine  
  200  10:34  Planetary Fortress  
  200  10:38  Command Center  
  200  10:39  Command Center  
  200  10:55  Marine x2  
  188  10:58  Ghost  
  188  11:02  Ghost  
  186  11:05  Liberator, Marine x3  
  186  11:07  Marine  
  186  11:08  Ghost  
  192  11:11  Terran Infantry Weapons Level 3, Terran Infantry Armor Level 3  
  192  11:12  Marine  
  192  11:17  Marine x2  
  195  11:19  Marine  
  199  11:25  Refinery x2  
  199  11:46  Marine  
  188  11:48  Medivac  
  188  11:49  Marine  
  188  11:51  Ghost x2  
  188  11:52  Orbital Command  
  188  11:53  Marine  
  188  11:54  Marine  
  197  12:01  Starport  
  197  12:03  Marine x2  
  199  12:10  Starport x2, Marine  
  200  12:18  Liberator  
  200  12:24  Liberator  
  200  12:36  Marine  
  196  12:37  Engineering Bay  
  196  12:38  Liberator  
  196  12:39  Engineering Bay  
  198  12:52  Viking  
  185  12:59  Marine  
  185  13:01  Liberator, Marine  
  185  13:03  Marine  
  185  13:05  Ghost x2, Liberator  
  187  13:06  Marine x2  
  187  13:07  Liberator  
  192  13:13  Ghost  
  192  13:14  Marine  
  192  13:15  Marine  
  192  13:18  Marine  
  194  13:21  Liberator  
  194  13:22  Missile Turret  
  194  13:23  Planetary Fortress  
  194  13:25  Marine x3  
  193  13:33  Ghost, Marine x3  
  196  13:34  Marine  
  190  13:41  Ghost  
  190  13:42  Marine  
  190  13:47  Marine x2  
  190  13:48  Marauder  
  190  13:51  Marine  
  190  13:54  Marine  
  192  14:01  Medivac  
  194  14:03  Marauder  
  194  14:04  Medivac  
  194  14:07  Medivac  
  194  14:09  Marine  
  200  14:23  Liberator  
  197  14:43  Marine  
  199  15:04  Marine  
  200  15:10  Liberator x2  
  178  15:24  Marine x2  
  178  15:25  Marauder x2, Marine x3  
  178  15:26  Marine x4, Marauder  
  178  15:28  Siege Tank x2  
  163  15:31  Marine  
  147  15:42  Marine x2  
  136  15:43  Marine x3  
  136  15:44  Marine x3  
  136  15:45  Marine  
  136  15:47  Marauder x2  
  143  15:53  Marine x2  
  120  16:00  Marine  
  120  16:01  Marine x2  
  119  16:07  Marine x2  
  119  16:08  Marine x3, Marauder x2  
  119  16:09  Marine  
  119  16:11  Marine x2  
  130  16:17  Liberator x2  
  130  16:18  Marine  
  123  16:19  Marine x2  
  123  16:24  Siege Tank, Marine  
  123  16:25  Siege Tank, Marine  
  133  16:26  Marine x3  
  133  16:27  Marine  
  133  16:29  Marauder, Marine  
  133  16:30  Marauder  
  133  16:32  Marine  
  143  16:33  Orbital Command  
  143  16:36  Marine x2  
  143  16:37  Marine  
  147  16:42  Marine x2  
  147  16:44  Marine x2  
  151  16:47  Marine  
  151  16:48  Marine x2  
  151  16:51  Marauder x2, Marine  
  151  16:53  Marine  
  160  16:54  Marine  
  160  16:55  Marine  
  160  16:56  Siege Tank  
  160  16:57  Siege Tank  
  160  17:00  Marine x2  
  169  17:02  Marine  
  169  17:03  Marine  
  169  17:06  Refinery  
  169  17:07  Refinery  
  168  17:12  Marauder x2, Marine  
  168  17:14  Marine  
  169  17:16  Marine  
  169  17:20  Marine  
Show
View Real Time Build Order
Export as new Build Order

Scarlett Zerg - Winner!

Build Orders: Hatch First 

Get SALT Encoding   

  12  0:01  Drone  
  13  0:13  Overlord  
  13  0:18  Drone  
  14  0:31  Drone x2  
  16  0:39  Drone  
  17  0:47  Drone  
  18  0:55  Hatchery  
  17  0:58  Drone  
  18  1:12  Spawning Pool  
  18  1:15  Drone  
  18  1:18  Extractor  
  18  1:21  Drone  
  18  1:30  Drone  
  19  1:41  Overlord  
  19  1:54  Drone  
  19  1:58  Queen  
  19  2:00  Zergling x2  
  23  2:06  Queen  
  23  2:07  Drone  
  26  2:17  Drone  
  26  2:20  Metabolic Boost  
  27  2:23  Drone  
  27  2:25  Drone  
  29  2:34  Queen  
  29  2:35  Overlord  
  31  2:37  Drone  
  32  2:44  Drone x2  
  33  2:57  Zergling x4  
  35  3:05  Zergling x2  
  36  3:07  Zergling x6  
  36  3:08  Zergling x2  
  40  3:23  Overlord  
  40  3:33  Overlord, Drone x4  
  44  3:38  Hatchery  
  43  3:42  Overlord  
  43  3:52  Drone  
  43  3:53  Drone x6  
  50  3:58  Evolution Chamber  
  49  4:05  Drone x2  
  49  4:08  Roach Warren, Extractor  
  49  4:12  Lair  
  49  4:19  Drone  
  49  4:20  Drone x5  
  55  4:27  Drone  
  56  4:35  Drone  
  56  4:38  Zerg Ground Armor Level 1  
  57  4:39  Extractor  
  57  4:42  Overlord  
  57  4:43  Drone  
  57  4:47  Overlord  
  57  4:51  Roach  
  57  4:52  Roach x3  
  65  4:53  Drone  
  65  4:59  Overlord  
  66  5:00  Queen  
  66  5:01  Extractor  
  66  5:02  Drone x3  
  70  5:07  Drone  
  70  5:11  Drone x2  
  73  5:16  Drone  
  74  5:25  Drone x2  
  74  5:26  Drone x3  
  79  5:31  Drone x3  
  79  5:32  Glial Reconstitution  
  82  5:37  Infestation Pit  
  81  5:43  Ravager  
  81  5:44  Ravager x2  
  81  5:49  Drone x6  
  89  6:03  Ravager  
  90  6:13  Drone x3  
  90  6:15  Overlord x2  
  90  6:17  Extractor  
  90  6:18  Hatchery, Extractor  
  88  6:22  Pathogen Glands  
  88  6:24  Evolution Chamber  
  86  6:26  Drone  
  86  6:27  Drone x2, Overlord  
  86  6:28  Overlord  
  89  6:33  Hatchery, Drone  
  89  6:34  Drone x3  
  92  6:40  Roach x4  
  92  6:45  Spore Crawler x2  
  92  7:03  Zerg Ground Armor Level 2, Zerg Melee Weapons Level 1  
  92  7:04  Infestor  
  92  7:07  Drone x4  
  92  7:08  Drone x5  
  103  7:12  Ravager  
  104  7:16  Ravager  
  104  7:18  Queen  
  105  7:31  Extractor  
  105  7:32  Drone x2  
  105  7:33  Hive  
  105  7:34  Drone x3  
  105  7:35  Drone x3, Extractor  
  111  7:38  Drone x3  
  114  7:53  Drone  
  114  7:54  Drone x10  
  114  7:57  Drone x2  
  127  8:03  Infestor x3  
  133  8:06  Zergling x2  
  133  8:09  Baneling Nest  
  132  8:23  Spine Crawler  
  132  8:25  Overlord x8  
  131  8:38  Overlord  
  131  8:43  Roach x5  
  131  8:44  Roach x5  
  131  8:47  Adrenal Glands  
  151  8:50  Ultralisk Cavern  
  151  8:51  Zergling x4  
  151  8:52  Zergling x6  
  155  9:14  Zergling x24  
  155  9:15  Centrifical Hooks  
  162  9:17  Zerg Melee Weapons Level 2  
  162  9:21  Ravager x2  
  162  9:22  Hatchery, Ravager, Infestor  
  166  9:37  Chitinous Plating  
  178  9:38  Ultralisk x2  
  176  10:00  Extractor  
  176  10:02  Drone x3  
  176  10:05  Drone x4, Extractor  
  181  10:07  Overlord  
  181  10:08  Overlord  
  181  10:09  Zerg Ground Armor Level 3  
  174  10:22  Spire  
  174  10:26  Drone x3  
  174  10:27  Drone  
  174  10:28  Drone x7  
  177  10:40  Spore Crawler, Spine Crawler  
  175  10:43  Baneling x10  
  162  10:58  Drone  
  162  10:59  Drone x2  
  162  11:00  Ultralisk x3  
  162  11:01  Ultralisk, Zergling x14  
  196  11:25  Overlord  
  196  11:27  Hatchery  
  189  11:48  Corruptor x4, Greater Spire  
  189  11:49  Corruptor  
  197  12:15  Spine Crawler  
  196  12:16  Spine Crawler  
  196  12:17  Corruptor x2  
  196  12:20  Hatchery  
  179  13:04  Zerg Melee Weapons Level 3  
  179  13:05  Zerg Missile Weapons Level 1  
  174  13:08  Corruptor x4, Spire  
  174  13:09  Corruptor  
  174  13:10  Brood Lord  
  174  13:11  Brood Lord x4  
  192  13:14  Drone x3  
  194  13:32  Extractor  
  193  13:37  Extractor  
  187  13:52  Hatchery  
  187  13:53  Zergling x12  
  187  13:54  Zergling x16  
  200  14:15  Extractor  
  199  14:18  Overseer x4, Extractor  
  199  14:19  Pneumatized Carapace  
  198  14:29  Spine Crawler  
  198  14:31  Zergling x10  
  192  14:38  Infestor  
  192  14:39  Infestor x2  
  198  14:52  Zergling x2  
  197  15:03  Zergling x4  
  199  15:07  Spire  
  160  15:24  Ultralisk x5  
  160  15:25  Ultralisk x2, Zergling x14  
  186  15:34  Zergling x2  
  186  15:35  Lair  
  170  16:01  Infestor x5  
  170  16:03  Zergling x14  
  180  16:15  Hatchery  
  179  16:34  Corruptor x5  
  189  16:44  Queen  
  191  16:50  Corruptor  
  191  16:51  Corruptor  
  194  17:21  Overlord  
  194  17:22  Overlord x2  
Tags
 
Add a new tag
Caveats
  • Supply blocks, unpowered buildings, or Contaminate may cause inaccurate times.
  • Supply counts are checked every 10 seconds.